 Dungeon Crawl Stone Soup version 0.21.1-1-g345015f (webtiles) character file.

74 tester123 the Skirmisher (level 4, -4/42 HPs)
             Began as a Naga Fighter on July 25, 2018.
             Slain by a gnoll (5 damage)
             ... on level 2 of the Dungeon.
             The game lasted 00:10:39 (1535 turns).

tester123 the Skirmisher (Naga Fighter)             Turns: 1535, Time: 00:10:40

Health: -4/42      AC:  6    Str: 19    XL:     4   Next: 30%
Magic:  4/4        EV:  3    Int:  9    God:
Gold:   78         SH: 13    Dex: 10    Spells: 3/3 levels left

rFire    . . .     SeeInvis +   a - +0 trident
rCold    . . .     Gourm    .   r - +0 large shield
rNeg     . . .     Faith    .   b - +0 scale mail
rPois    +         Spirit   .   (no helmet)
rElec    .         Reflect  .   (no cloak)
rCorr    .         Harm     .   k - +0 pair of gloves
MR       .....                  (no barding)
Stlth    +.........             (no amulet)
HPRegen  0.14/turn              p - ring of wizardry
MPRegen  0.09/turn              (no ring)

@: about to teleport, short of breath, very slow
A: large, see invisible, deformed body, poison resistance, slowness 2, slow
metabolism 1, spit poison 1, AC +1
a: Spit Poison


You were on level 2 of the Dungeon.
You were not hungry.

You visited 1 branch of the dungeon, and saw 2 of its levels.

You collected 78 gold pieces.

Inventory:

Hand Weapons
 a - a +0 trident (weapon)
Armour
 b - a +0 scale mail (worn)
 c - a +0 shield
 k - a +0 pair of gloves (worn)
 q - a +0 scale mail
 r - a +0 large shield (worn)
Jewellery
 p - a ring of wizardry (left hand)
Scrolls
 j - a scroll of remove curse {unknown}
 m - a scroll of fear {unknown}
 n - a scroll of teleportation {unknown}
Potions
 d - a potion of might
 g - 2 potions of flight {unknown}
 h - a potion of invisibility {unknown}
 l - a potion of heal wounds {unknown}
 o - a potion of haste {unknown}
Comestibles
 f - 5 rations


   Skills:
 + Level 3.5 Fighting
 + Level 2.4 Polearms
 + Level 2.7 Armour
 - Level 0.1 Dodging
 * Level 2.6 Stealth
 + Level 2.9 Shields


You had 3 spell levels left.
You didn't know any spells.

Dungeon Overview and Level Annotations

Branches:
Dungeon (2/15)

Altars:


Innate Abilities, Weirdness & Mutations

You cannot wear boots.
Your serpentine skin is tough. (AC +1)
You have supernaturally acute eyesight. (SInv)
Armour fits poorly on your strangely shaped body.
Your system is resistant to poisons. (rPois)
You cover ground very slowly.
You have a slow metabolism.
You can spit poison.


Message History

You are too injured to fight recklessly!
You are too injured to fight recklessly!
You closely miss the gnoll.
The gnoll is moderately wounded.
You block the gnoll's attack. The gnoll hits you but does no damage.
You barely miss the gnoll.
The gnoll is heavily wounded.
The gnoll hits you from afar with a spear of distortion.
* * * LOW HITPOINT WARNING * * *
You feel strangely unstable. You block the gnoll's attack.
The gnoll hits you from afar with a spear of distortion.
* * * LOW HITPOINT WARNING * * *
Space bends around you.
* * * LOW HITPOINT WARNING * * *
Your shield prevents you from hitting the gnoll.
The gnoll is moderately wounded.
The gnoll hits you but does no damage. x2; Space bends around you.
* * * LOW HITPOINT WARNING * * *
It was a potion of magic.
Magic courses through your body. The gnoll hits you.
You die...

#.. #...# ).[.
##....########...####### . ....
.............'.......... .. #..#
#.....####.###...######.
...#...##.###.......##...# #.
....>.....########..##...# #.
....................############
#........######...# #.....#
#...$.....ggg@)...# #.....#
......####..######..######.....+
....# ##.# #........##.....# ...
#.# #........##.....' # #..
##........##.....#
##.##...........######
.##...........# ..#...........#
#.##.###....#


You could see 3 gnolls.

Vanquished Creatures
  Jessica (D:2)
  An ooze (D:1)
  A worm (D:2)
  2 dart slugs
  2 leopard geckos
  3 giant cockroaches
  6 goblins
  3 hobgoblins
  A ball python (D:1)
  5 bats
  4 frilled lizards
  A giant cockroach zombie (D:1)
  A jackal zombie (D:1)
  A kobold (D:1)
  5 rats
37 creatures vanquished.

Notes
Turn   | Place    | Note
-------+----------+-------------------------------------------
     0 | D:1      | tester123 the Naga Fighter began the quest for the Orb.
     0 | D:1      | Reached XP level 1. HP: 21/21 MP: 1/1
   141 | D:1      | Reached XP level 2. HP: 28/28 MP: 2/2
   986 | D:1      | Reached skill level 1 in Stealth
   986 | D:1      | Reached XP level 3. HP: 34/34 MP: 3/3
  1142 | D:2      | Noticed Jessica
  1151 | D:2      | Killed Jessica
  1174 | D:2      | Reached XP level 4. HP: 42/42 MP: 4/4
  1534 | D:2      | HP: 1/42 [gnoll/spear of distortion (4)]
  1535 | D:2      | Slain by a gnoll

Skill      XL: |  1  2  3 |
---------------+----------+-----
Stealth        | 1 2 |  2.6
Fighting       | |  3.5
Polearms       | |  2.4
Armour         | |  2.7
Dodging        | |  0.1
Shields        | |  2.9

Action                   |  1- 3 |  4- 6 || total
-------------------------+-------+-------++-------
Melee: Trident           |    74 |    66 ||   140
 Abil: Spit Poison       |       |     1 ||     1
  Use: Scroll            |       |     3 ||     3
       Potion            |       |     1 ||     1
  Eat: Chunk             |       |     2 ||     2
Armor: Scale mail        |    40 |    33 ||    73
Dodge: Dodged            |    11 |     6 ||    17
Block: Shield            |    29 |    24 ||    53
       Large shield      |       |     9 ||     9
